 Dungeon Crawl Stone Soup version 0.30-a0-393-g54b8e3be05 (webtiles) character file.

Game seed: 13506797333747703034

4202 ytrimaz the Slicer (level 10, -7/65 HPs)
             Began as a Djinni Warper on Dec 5, 2022.
             Was a Follower of Ashenzari.
             Mangled by a yak (15 damage)
             ... on level 8 of the Dungeon.
             The game lasted 00:13:21 (9624 turns).

ytrimaz the Slicer (Djinni Warper)                  Turns: 9624, Time: 00:13:22

Health: -7/65      AC:  7    Str: 10    XL:     10   Next: 54%
Gold:   261        EV: 19    Int: 18    God:    Ashenzari [*.....] SH:  3 Dex: 14

rFire   + + .      SeeInvis .    m - +8 rapier of Crawling {drain, rC+}
rCold   . . .      Faith    .    p - +0 buckler
rNeg    . . .      Spirit   .    n - +0 steam dragon scales "Restrained Together" {Melee, Range} (curse)
rPois   ∞          Reflect  .    l - +1 helmet
rElec   .          Harm     .    (no cloak)
rCorr   .          Rampage  .    (no gloves)
Will    +....                    (boots unavailable)
Stlth   +.........               (no amulet)
HPRegen 0.30/turn                r - ring of Ashenzari's Ordeal {EV+4, Self, Melee} (curse)
MPRegen 0.00/turn                (no ring)

@: flying
A: sickness immunity, fire resistance 2, cold vulnerability 1, float, innate
caster, HP casting, extra vitality 1, evolution 1, MP-powered wands
a: Renounce Religion, Shatter the Chains


You were on level 8 of the Dungeon.
You worshipped Ashenzari.
Ashenzari was aware of your devotion.
You visited 2 branches of the dungeon, and saw 9 of its levels.
You also visited: Bailey.

You collected 450 gold pieces.
You spent 189 gold pieces at shops.


Innate Abilities, Weirdness & Mutations

You are immune to sickness and miasma.
You are immune to poison.
Your flesh is very heat resistant. (rF++)
You are vulnerable to cold. (rC-)
You float through the air rather than walking.
You learn spells naturally, not from books.
Your magical power is your life essence.
You have superior vitality. (+4 MHP)
You have hidden genetic potential.
You expend health (3 HP) to strengthen your wands.


   Skills:
 - Level 2.0(2.6) Fighting
 + Level 9.7(11.5) Short Blades
 - Level 5.2(9.0) Long Blades
 - Level 0.7(1.2) Throwing
 - Level 1.0 Armour
 + Level 8.4 Dodging
 - Level 4.0(4.8) Spellcasting


You couldn't memorise any spells.
You knew the following spells:

 Your Spells              Type           Power      Damage    Failure   Level
a - Blink                 Tloc           42%        N/A       3%          2
b - Lesser Beckoning      Tloc           42%        N/A       8%          3
c - Vhi's Electric Charg  Tloc/Air       42%        N/A       8%          3
d - Teleport Other        Tloc           21%        N/A       8%          3
e - Manifold Assault      Tloc           21%        N/A       26%         4
f - Magic Dart            Conj           84%        1d7       2%          1
g - Scorch                Fire           42%        2d7       3%          2
h - Passwall              Tmut/Erth      17%        N/A       3%          2
i - Dispel Undead         Necr           21%        3d11      26%         4
Your spell library was empty.

Inventory:

Hand Weapons
 a - a +0 falchion
 m - the +8 rapier of Crawling (weapon) {drain, rC+}
   (You bought it in a shop on level 2 of the Dungeon)

   A truly terrible weapon, it drains the life of any living foe it strikes.
   rC:        It protects you from cold.
 o - a +2 falchion of holy wrath
   (You took it off an orc on level 5 of the Dungeon)
Missiles
 d - 6 boomerangs of dispersal
Armour
 c - a +0 chain mail
   (You took it off an orc on level 2 of the Dungeon)
 l - a +1 helmet (worn)
   (You found it on level 1 of the Dungeon)
 n - the cursed +0 steam dragon scales "Restrained Together" (worn) {Melee, Range}
   (You found it on level 6 of the Dungeon)

   It has a curse which improves the following skills: Melee Combat: Short
   Blades, Long Blades, Axes, Maces & Flails, Polearms, Staves and Unarmed
   Combat.
   Ranged Combat: Ranged Weapons and Throwing.
 p - a +0 buckler (worn)
   (You found it on level 3 of the Dungeon)
Jewellery
 r - the cursed ring of Ashenzari's Ordeal (left hand) {EV+4, Self, Melee}
   (You found it on level 7 of the Dungeon)

   [ring of evasion]

   EV:        It affects your evasion (+4).
   It has a curse which improves the following skills: Introspection: Fighting
   and Spellcasting.
   Melee Combat: Short Blades, Long Blades, Axes, Maces & Flails, Polearms,
   Staves and Unarmed Combat.
Scrolls
 e - a scroll of blinking
 f - a scroll of poison
 h - a scroll of teleportation
 i - a scroll of fog
 j - a scroll of brand weapon
Potions
 g - a potion of ambrosia
 k - a potion of flight
 q - a potion of resistance
 s - a potion of mutation

Dungeon Overview and Level Annotations

Branches:
Dungeon (8/15) Zot: 26312  Temple (1/1) D:6 Zot: 5699  Bailey (visited)
   Lair: D:8-11

Altars:
Ashenzari
Cheibriados
Dithmenos
Elyvilon
Fedhas
Gozag
Hepliaklqana
Nemelex Xobeh
Okawaru
Qazlal
Ru
Trog
Uskayaw
Wu Jian
Xom
Yredelemnul
Zin
The Shining One

Shops:
D:2 (   D:3 :[   D:5 [[

Annotations:
D:3 3 runed translucent doors, Bediveer's ghost, amateur TeMo
D:8 4 transporters

#..########### ..
#.......#....#...
+.......#....'.. #.......#....#
#.†.....'....# #.##Y..##Y####
########.##..Y##.##.########
#...#...YY#....Y..#<.......#
#...#.....#...@...#))......#
#...#.....#.......#........# .
#...'.....#.......#........#...
Y.'.Y.#.....#.......#........#...
Y.######)..###############.####..
. #...##..........###.####..
#....#..........#....#....
#....#..........#....'....
#....#..........#....#....


You could see 4 yaks.


Message History

The two-headed ogre misses you.
Unknown command.
You puncture the two-headed ogre! You hit the two-headed ogre.
The two-headed ogre barely misses you.
The two-headed ogre hits you with a +0 giant club! 😕 HP[-8]
You take 8 damage, and now have 55/65 hp.
Unknown command.
You hit the two-headed ogre but do no damage.
You drain the two-headed ogre. 😕 HP[+1]
You hit the two-headed ogre. You drain the two-headed ogre.
The two-headed ogre completely misses you.
The two-headed ogre barely misses you.
Unknown command.
You puncture the two-headed ogre! You drain the two-headed ogre.
You hit the two-headed ogre.
Unknown command.
You hit the two-headed ogre. You drain the two-headed ogre.
The two-headed ogre misses you. The two-headed ogre closely misses you.
You hit the two-headed ogre. 😕 HP[+1]
You puncture the two-headed ogre!
You kill the two-headed ogre!
Your Dodging skill increases to level 8!
Unknown command.
Things that are here:
a +0 dire flail; a +0 giant club; a two-headed ogre corpse You feel a genetic drift.
Key pressed, stopping explore. 2 yaks come into view.
The yak moves out of view. 😎 HP[+8]
Your hp is fully restored (65).
A yak is nearby!
A yak is nearby!
A yak is nearby!
Unknown command.
There is an open door here.
No target in view!
A yak comes into view.
The yak bellows! x2; You hear a bellow! x2
A yak comes into view.
There is an open door here.
There is an open door here.
A yak comes into view.
A yak comes into view.
There is an open door here.
The yak attacks as you move away! You block the yak's attack.
You hit the yak. You drain the yak. The yak barely misses you.
You puncture the yak!
Unknown command.
The yak bellows!
You hit the yak. You block the yak's attack.
You puncture the yak! You puncture the yak! You drain the yak.
The yak completely misses you. x2
You hit the yak but do no damage. The yak gores you.
The yak misses you. 😕 HP[-6]
You take 6 damage, and now have 59/65 hp.
The yak bellows!
You puncture the yak!
You kill the yak!
The yak gores you but does no damage.
You puncture the yak! You drain the yak.
You see here a yak corpse.
Unknown command. 😕 HP[+1]
The yak misses you.
You see here a yak corpse.
Unknown command.
You hit the yak. 😕 HP[+1]
You barely miss the yak. The yak gores you!
The yak completely misses you. 😕 HP[-11]
You take 11 damage, and now have 50/65 hp.
Unknown command.
You hit the yak.
Unknown command.
You hit the yak but do no damage. The yak gores you. The yak gores you!
* * * LOW HITPOINT WARNING * * *
😨 HP[-19]
You take 19 damage, and now have 31/65 hp.
MASSIVE DAMAGE!! (PAUSE)
The yak attacks as you move away! The yak gores you!
* * * LOW HITPOINT WARNING * * *
😨 HP[-11]
You take 11 damage, and now have 20/65 hp.
The yak attacks as you move away! The yak closely misses you.
Unknown command. 😨 HP[+1]
There is an open door here.
The yak attacks as you move away! The yak closely misses you.
The yak attacks as you move away! The yak gores you!
* * * LOW HITPOINT WARNING * * *
😱 HP[-13]
You take 13 damage, and now have 8/65 hp.
Okay, then.
Okay, then.
The yak attacks as you move away! The yak gores you!
You die...

Skill      XL: |  1  2  3  4  5  6  7  8  9 10 |
---------------+-------------------------------+-----
Long Blades    | 2 3 5 |  5.2
Spellcasting   | 3 4 |  4.0
Short Blades   | 4 7 8 9 |  9.7
Dodging        | 4 6 8 |  8.4
Fighting       | |  2.0
Throwing       | |  0.7
Armour         | |  1.0

Action                   |  1- 3 |  4- 6 |  7- 9 | 10-12 || total
-------------------------+-------+-------+-------+-------++-------
Melee: Falchion          |   118 |   206 |    20 |     5 ||   349
       Punch             |       |     1 |     4 |       ||     5
       Rapier            |       |       |   230 |    46 ||   276
       Headbutt          |       |       |    11 |       ||    11
Throw: Boomerang         |       |     1 |       |       ||     1
Invok: Curse Item        |       |       |     1 |     1 ||     2
Evoke: Wand              |       |       |     9 |     3 ||    12
  Use: Scroll            |     7 |     3 |     4 |       ||    14
       Potion            |     3 |     1 |    12 |       ||    16
Armor: Leather armour    |    50 |    26 |       |       ||    76
       Chain mail        |       |   115 |    58 |       ||   173
       Skin              |       |       |    53 |       ||    53
       Steam dragon scal |       |       |    36 |     2 ||    38
Dodge: Dodged            |    79 |    93 |   109 |    33 ||   314
Block: Buckler           |       |       |     2 |     4 ||     6

Levels and vault maps discovered:
D:1:      amcnicky_arrival_feature_with_door, layout_basic
D:2:      layout_basic, serial_shops, shop_fountains,
          dreamdust_ecumenical_altar_grove, basic_altar
D:3:      layout_basic, gammafunk_ghost_nasty_kobolds, serial_shops,
          nicolae_shop_behind_doors, nicolae_shop_vocational
D:4:      layout_basic, minmay_door_square
D:5:      layout_basic, kennysheep_mini_moat, serial_shops, shop, shop_fountains
D:6:      layout_rooms, minmay_temple_entry_ruins, st_stairs_6
D:7:      layout_basic, enter_bailey_6, uniq_prince_ribbit1, uniq_duvessa,
          uniq_pikel
D:8:      layout_gridville, grunt_ministairs_7, nicolae_transporter_circle
Temple:   nicolae_temple_slightly_damp_pantheon

Notes
Turn   | Place    | Note
-------+----------+-------------------------------------------
     0 | D:1      | ytrimaz the Djinni Warper began the quest for the Orb.
     0 | D:1      | ytrimaz set off with the following spells memorised: Blink,
                  | Lesser Beckoning, Vhi's Electric Charge, Teleport Other,
                  | Manifold Assault.
     0 | D:1      | Reached XP level 1. HP: 18/18 MP: 0/0
     0 | D:1      | magus.rc [v1.9.6]
   125 | D:1      | Reached skill level 2 in Long Blades
   221 | D:1      | Reached XP level 2. HP: 23/23 MP: 0/0
  1131 | D:2      | Found a faded altar of an unknown god.
  1134 | D:2      | Reached XP level 3. HP: 28/28 MP: 0/0
  1134 | D:2      | Learned a level 1 spell: Magic Dart
  1216 | D:2      | Found a shimmering altar of Xom.
  1294 | D:2      | Found Meiti's Antique Weapon Emporium.
  1410 | D:2      | Reached skill level 3 in Spellcasting
  2046 | D:3      | Found Cutaum's Antique Armour Shoppe.
  2133 | D:3      | HP: 5/28 [goblin/+0 dagger (3)]
  2134 | D:3      | Reached XP level 4. HP: 7/33 MP: 0/0
  2324 | D:3      | HP: 8/33 [orc/+0 trident (8)]
  2325 | D:3      | HP: 3/33 [orc/+0 hand axe (5)]
  2362 | D:3      | Found Vuddeato's Vocational Training.
  2370 | D:3      | Found a runed translucent gate.
  2370 | D:3      | Found a runed translucent gate.
  2370 | D:3      | Found a runed translucent gate.
  2370 | D:3      | Noticed Bediveer's ghost (amateur TeMo)
  2371 | D:3      | Noticed a kobold brigand
  2620 | D:3      | Reached skill level 3 in Long Blades
  3142 | D:3      | Reached XP level 5. HP: 37/38 MP: 0/0
  3142 | D:3      | Learned a level 2 spell: Scorch
  3613 | D:4      | Reached XP level 6. HP: 24/43 MP: 0/0
  3959 | D:4      | Reached skill level 4 in Long Blades
  3959 | D:4      | Reached skill level 4 in Spellcasting
  4596 | D:4      | Reached skill level 5 in Long Blades
  4596 | D:4      | Reached XP level 7. HP: 48/49 MP: 0/0
  4596 | D:4      | Learned a level 2 spell: Passwall
  4899 | D:5      | Entered Level 5 of the Dungeon
  5003 | D:2      | Bought a dazzling rapier for 189 gold pieces
  5003 | D:2      | Identified the +8 rapier of Crawling {drain, rC+} (You
                  | bought it in a shop on level 2 of the Dungeon)
  5146 | D:5      | Found a blossoming altar of Fedhas.
  5154 | D:5      | Reached skill level 1 in Short Blades
  5190 | D:5      | Found Eguy's Armour Boutique.
  5350 | D:5      | Reached skill level 2 in Short Blades
  5518 | D:5      | Found Pivet's Antique Armour Shop.
  5790 | D:5      | Reached skill level 3 in Short Blades
  5965 | D:6      | Noticed a steam dragon
  5982 | D:5      | Reached skill level 4 in Short Blades
  5982 | D:5      | Reached XP level 8. HP: 46/54 MP: 0/0
  6178 | D:6      | Found a staircase to the Ecumenical Temple.
  6197 | D:6      | Reached skill level 5 in Short Blades
  6215 | Temple   | Entered the Ecumenical Temple
  6496 | Temple   | Became a worshipper of Ashenzari the Shackled
  6589 | D:6      | Reached skill level 6 in Short Blades
  6972 | D:7      | Found a flagged portal.
  7016 | Bailey   | Entered a bailey
  7032 | Bailey   | Gained mutation: You are covered in fur. (AC +1) [potion of
                  | mutation]
  7032 | Bailey   | Gained mutation: You have a pair of small horns on your
                  | head. [potion of mutation]
  7036 | Bailey   | HP: 7/54 [orc/+0 halberd (9)]
  7038 | Bailey   | HP: 1/54 [orc/+0 trident (5)]
  7324 | Bailey   | Noticed an orc knight
  7485 | D:7      | Noticed Pikel
  7508 | D:7      | Killed Pikel
  7509 | D:7      | Reached skill level 7 in Short Blades
  7509 | D:7      | Reached skill level 4 in Dodging
  7509 | D:7      | Reached XP level 9. HP: 56/58 MP: 0/0
  7509 | D:7      | Learned a level 4 spell: Dispel Undead
  7524 | D:7      | Identified the cursed +0 steam dragon scales "Restrained
                  | Together" {Melee, Range} (You found it on level 6 of the
                  | Dungeon)
  7750 | D:7      | Noticed Prince Ribbit
  7793 | D:7      | Killed Prince Ribbit
  7794 | D:7      | Reached skill level 5 in Dodging
  7951 | D:7      | Reached skill level 8 in Short Blades
  8615 | D:7      | Noticed Duvessa
  8615 | D:7      | Noticed Dowan
  8639 | D:7      | Killed Duvessa
  8646 | D:7      | Killed Dowan
  8887 | D:7      | Lost mutation: You have a pair of small horns on your head.
                  | [potion of mutation]
  8887 | D:7      | Lost mutation: You are covered in fur. (AC +1) [potion of
                  | mutation]
  8887 | D:7      | Gained mutation: You have hidden genetic potential. [potion
                  | of mutation]
  8887 | D:7      | Gained mutation: You expend health (3 HP) to strengthen
                  | your wands. [potion of mutation]
  8924 | D:8      | Noticed a two-headed ogre
  8978 | D:8      | Reached skill level 6 in Dodging
  9138 | D:8      | Found a transporter.
  9153 | D:8      | Reached XP level 10. HP: 39/64 MP: 0/0
  9156 | D:8      | Found a transporter.
  9158 | D:8      | Found a transporter.
  9266 | D:8      | Found a transporter.
  9307 | D:8      | Killed a two-headed ogre
  9308 | D:8      | Reached skill level 9 in Short Blades
  9308 | D:8      | Reached skill level 7 in Dodging
  9393 | D:8      | Reached * piety under Ashenzari
  9540 | D:8      | Noticed a two-headed ogre
  9555 | D:8      | Killed a two-headed ogre
  9556 | D:8      | Reached skill level 8 in Dodging
  9621 | D:8      | HP: 7/65 [yak (14)]
  9624 | D:8      | Mangled by a yak

Vanquished Creatures
  2 two-headed ogres (D:8)
  Pikel (D:7)
  Prince Ribbit (D:7)
  A wyvern (D:7)
  A yak (D:8)
  A steam dragon (D:6)
  An acid dragon (D:8)
  A water moccasin (D:8)
  Duvessa (D:7)
  A sky beast (D:7)
  A black bear (D:6)
  A centaur (D:7)
  2 lemures (D:7)
  A phantom (D:4)
  A necrophage (D:5)
  A bullfrog (D:8)
  A gnoll sergeant (D:7)
  6 scorpions
  3 wights (D:8)
  Dowan (D:7)
  An orc priest (D:6)
  4 hounds
  5 iguanas
  4 orc wizards
  7 gnolls
  4 adders
  2 shadow imps (D:5)
  2 white imps
  A dart slug (D:2)
  31 orcs
  7 endoplasms
  2 giant cockroaches
  9 goblins
  6 hobgoblins
  4 jackals (D:4)
  2 quokkas
  7 ball pythons
  5 bats
  4 frilled lizards
  6 kobolds
  5 rats
147 creatures vanquished.

Vanquished Creatures (others)
  An orc wizard (D:6)
  A fungus (D:2)
2 creatures vanquished.

Grand Total: 149 creatures vanquished

Table legend:
 A = Non-vault XP
 B = Vault XP
 C = Vault XP percentage of total XP
 D = Non-vault monster count
 E = Vault monster count
 F = Vault count percentage of total count
                 A         B        C        D         E       F
            +---------+---------+-------+---------+---------+-------
      Total |    4876 |    1128 |  18.8 |     130 |      16 |  11.0
            +---------+---------+-------+---------+---------+-------
        D:1 |      19 |       0 |   0.0 |      14 |       0 |   0.0
        D:2 |      45 |       0 |   0.0 |      23 |       0 |   0.0
        D:3 |     119 |       0 |   0.0 |      20 |       0 |   0.0
        D:4 |     448 |       0 |   0.0 |      23 |       0 |   0.0
        D:5 |     430 |       0 |   0.0 |      13 |       0 |   0.0
        D:6 |     667 |      36 |   5.1 |      16 |       1 |   5.9
        D:7 |     635 |    1059 |  62.5 |       9 |       4 |  30.8
        D:8 |    2513 |       0 |   0.0 |      12 |       0 |   0.0
     Bailey |       0 |      33 | 100.0 |       0 |      11 | 100.0
            +---------+---------+-------+---------+---------+-------

Illustrated notes

Table legend:
 A = Kills in this place as a percentage of kills in entire the game.
 B = Kills by you in this place as a percentage of kills by you in the entire game.
 C = Kills by friends in this place as a percentage of kills by friends in the entire game.
 D = Other kills in this place as a percentage of other kills in the entire game.
 E = Experience gained in this place as a percentage of experience gained in the entire game.
 F = Experience gained in this place divided by the number of levels of this place that you have seen.
                   A       B       C       D       E      F
               +-------+-------+-------+-------+-------+----------------------
         Total | 100.0 | 100.0 |   N/A | 100.0 | 100.0 | 600.4
       Dungeon |  92.5 |  92.4 |   N/A | 100.0 |  99.5 | 746.4
        Bailey |   7.5 |   7.6 |   N/A |   0.0 |   0.5 |  33.0
               +-------+-------+-------+-------+-------+----------------------

Table legend: (Time is in decaauts)
 A = Elapsed time spent in this place.
 B = Non-inter-level travel time spent in this place.
 C = Inter-level travel time spent in this place.
 D = Time resting spent in this place.
 E = Time spent auto-exploring this place.
 F = Levels seen in this place.
 G = Mean time per level.
                   A        B        C        D        E       F      G
               +--------+--------+--------+--------+--------+-----+--------+
         Total |   9615 |   8799 |    816 |    849 |   6166 |  10 |  961.5 |
       Dungeon |   8959 |   8196 |    763 |    623 |   5938 |   8 | 1119.9 |
        Temple |    300 |    247 |     53 |      0 |    225 |   1 |  300.0 |
        Bailey |    355 |    355 |      0 |    225 |      3 |   1 |  355.0 |
               +--------+--------+--------+--------+--------+-----+--------+

Top non-repeatable levels by time:
     D:4: 1598 daAuts
     D:7: 1482 daAuts
     D:3: 1439 daAuts
     D:2: 1327 daAuts
     D:5: 975 daAuts
     D:1: 915 daAuts
     D:8: 649 daAuts
     D:6: 572 daAuts
  Bailey: 355 daAuts
  Temple: 300 daAuts
